 Dungeon Crawl Stone Soup version 0.30-a0-1043-g60ff8d5f49 (webtiles) character file.

Game seed: 2345082499653521888

1890 pokeman the Thaumaturge (level 8, -4/44 HPs)
             Began as a Deep Elf Hedge Wizard on Apr 9, 2023.
             Slain by a yak (11 damage)
             ... on level 7 of the Dungeon.
             The game lasted 00:12:36 (6850 turns).

pokeman the Thaumaturge (Deep Elf Hedge Wizard)     Turns: 6850, Time: 00:12:37

Health: -4/44      AC:  6    Str:  7    XL:     8   Next: 92%
Magic:  17/24      EV: 12    Int: 28    God:
Gold:   367        SH:  0    Dex: 14    Spells: 20/28 levels left

rFire   . . .      SeeInvis .    E - +1 whip (venom)
rCold   . . .      Faith    .    (no shield)
rNeg    . . .      Spirit   .    p - +2 leather armour {rPois}
rPois   +          Reflect  .    c - +0 hat
rElec   .          Rampage  .    n - +0 cloak
rCorr   +                        (no gloves)
Will    .....                    (no boots)
Stlth   ++                       (no amulet)
HPRegen 0.27/turn                i - +6 ring of intelligence
MPRegen 0.19/turn                e - ring of resist corrosion

@: on blink cooldown
A: no striking features
a: no special abilities


You were on level 7 of the Dungeon.
You visited 1 branch of the dungeon, and saw 7 of its levels.

You collected 367 gold pieces.

Inventory:

Hand Weapons
 E - a +1 whip of venom (weapon)
Missiles
 r - 2 curare-tipped darts
Armour
 a - a +0 buckler
 c - a +0 hat (worn)
 n - a +0 cloak (worn)
 p - a +2 leather armour of poison resistance (worn)
 s - a scarf of invisibility
 y - a +0 leather armour of fire resistance
Jewellery
 e - a ring of resist corrosion (right hand)
 i - a +6 ring of intelligence (left hand)
 j - an amulet of faith
Wands
 C - a wand of roots (6)
 G - a wand of acid (6)
Scrolls
 b - a scroll of fog {unknown}
 g - 4 scrolls of enchant armour {unknown}
 h - a scroll of amnesia {unknown}
 l - 6 scrolls of identify {unknown}
 q - a scroll of noise {unknown}
 t - 2 scrolls of immolation {unknown}
 u - 2 scrolls of fear {unknown}
 v - a scroll of butterflies {unknown}
 x - 2 scrolls of enchant weapon {unknown}
 A - 2 scrolls of magic mapping {unknown}
 F - a scroll of poison {unknown}
Potions
 d - a potion of magic
 f - 3 potions of curing {unknown}
 k - 2 potions of lignification {unknown}
 m - a potion of ambrosia {unknown}
 o - 2 potions of heal wounds {unknown}
 w - 5 potions of brilliance {unknown}
 z - a potion of resistance {unknown}
 B - 2 potions of degeneration {unknown}
 D - a potion of cancellation {unknown}


   Skills:
 - Level 2.0 Fighting
 - Level 2.1 Armour
 - Level 3.0 Dodging
 - Level 3.0 Stealth
 + Level 2.1 Shields
 * Level 10.5 Spellcasting
 + Level 5.7 Conjurations
 + Level 4.6 Summonings
 - Level 1.1 Translocations
 - Level 1.0 Air Magic
 - Level 1.1 Poison Magic
 - Level 1.0 Evocations


You had 20 spell levels left.
You knew the following spells:

 Your Spells              Type           Power      Damage    Failure   Level
a - Magic Dart            Conj           100%       1d8       1%          1
b - Mephitic Cloud        Conj/Pois/Air  29%        N/A       5%          3
c - Call Imp              Summ           80%        N/A       1%          2
d - Blink                 Tloc           40%        N/A       5%          2

Your spell library contained the following spells:

 Spells                   Type           Power      Damage    Failure   Level
 Momentum Strike          Conj/Tloc      66%        3d9       1%          2
 Slow                     Hex            56%        N/A       5%          1
 Lesser Beckoning         Tloc           40%        N/A       5%          2
 Cigotuvi's Dreadful Rot  Necr/Pois/Air  36%        N/A       6%          2
 Gell's Gravitas          Tloc           20%        N/A       11%         3
 Teleport Other           Tloc           20%        N/A       11%         3
 Anguish                  Hex/Necr       7%         N/A       50%         4
 Cause Fear               Hex            7%         N/A       50%         4
 Dispersal                Tloc           10%        N/A       99%         6
 Enfeeble                 Hex            7%         N/A       100%        7


Dungeon Overview and Level Annotations

Branches:
Dungeon (7/15)
 Temple: D:4-7

Altars:
Cheibriados
Elyvilon
Kikubaaqudgha
Nemelex Xobeh
Qazlal
Uskayaw

Shops:
D:5 (

Annotations:
D:5 Need to fly to islands


Message History

Unknown command.
You hit the yak but do no damage.
The yak looks as sick as possible!
The yak is lightly wounded.
The yak is engulfed in noxious fumes. x3; The yak appears confused.
You hit the yak.
The yak looks as sick as possible!
The yak is moderately wounded.
The yak closely misses you.
The yak is engulfed in noxious fumes.
The yak appears confused.
The yak is engulfed in noxious fumes.
The yak gores the yak!
You hit the yak but do no damage.
The yak is poisoned.
The yak gores the yak!
The yak barely misses you.
Unknown command.
You hit the yak but do no damage.
The yak is moderately wounded.
The yak completely misses the yak.
The yak closely misses you.
The yak barely misses the yak.
You hit the yak.
The yak is poisoned.
The yak is lightly wounded.
The yak gores you.
Unknown command.
You barely miss the yak.
The yak is moderately wounded.
The yak gores the yak!
You hit the yak but do no damage.
The yak is moderately wounded.
The yak barely misses you. x2
You barely miss the yak.
The yak is moderately wounded.
The yak gores you.
You catch the helpless yak completely off-guard!
You hit the yak.
The yak looks as sick as possible!
The yak is heavily wounded.
The yak barely misses you. The yak gores you! The yak barely misses you.
The yak gores itself!
The yak barely misses you. The yak gores you!
* * * LOW HITPOINT WARNING * * *
Casting: Mephitic Cloud (dangerous; 5% risk of failure)
Confirm with . or Enter, or press ? or * to list all spells.
You blink.
Found a plate armour.
The yak seems less confused. x2
The yak closely misses you. The yak gores you!
You die...

#[ .. .... ..# #
.#.# #.# #. ...
#.# ...# ..#..##.#
...# ......# ...#
#.##.#######...##
#@Y†...........#.#
##Y§Y..........#..
#...#.............
##.Y..............
#......###........
#......# #.....#..
##.#######.....#
#.# #.........# #.
#.###.....##.


You could see 4 yaks.

Vanquished Creatures
  Prince Ribbit (D:7)
  A yak (D:7)
  A sky beast (D:7)
  A black bear (D:5)
  2 ogres
  2 kobold brigands (D:7)
  Blork the orc (D:6)
  A bullfrog (D:7)
  3 scorpions
  4 killer bees (D:7)
  3 hounds (D:4)
  An orc priest (D:3)
  Jessica (D:2)
  An iguana (D:3)
  5 orc wizards
  8 gnolls
  7 adders
  A shadow imp (D:5)
  2 ufetubi
  A dart slug (D:4)
  23 orcs
  4 endoplasms
  5 giant cockroaches
  9 goblins
  5 hobgoblins
  7 jackals
  18 kobolds
  A quokka (D:5)
  9 ball pythons
  6 bats
  3 frilled lizards
  7 rats
144 creatures vanquished.

Vanquished Creatures (others)
  3 fungi (D:4)
3 creatures vanquished.

Grand Total: 147 creatures vanquished

Notes
Turn   | Place    | Note
-------+----------+-------------------------------------------
     0 | D:1      | pokeman the Deep Elf Hedge Wizard began the quest for the
                  | Orb.
     0 | D:1      | Reached XP level 1. HP: 10/10 MP: 7/7
   393 | D:1      | Reached XP level 2. HP: 15/15 MP: 7/9
  1086 | D:1      | Reached skill level 5 in Spellcasting
  1204 | D:2      | Reached XP level 3. HP: 20/20 MP: 6/11
  1212 | D:2      | Learned a level 3 spell: Mephitic Cloud
  1215 | D:2      | Learned a level 2 spell: Call Imp
  1218 | D:2      | Learned a level 2 spell: Blink
  1237 | D:2      | Reached skill level 1 in Armour
  1446 | D:2      | Reached skill level 1 in Fighting
  1493 | D:2      | Noticed Jessica
  1498 | D:2      | Killed Jessica
  1499 | D:2      | Reached XP level 4. HP: 25/25 MP: 4/13
  2719 | D:3      | Reached skill level 6 in Spellcasting
  2719 | D:3      | Reached XP level 5. HP: 18/29 MP: 3/15
  3702 | D:4      | Reached skill level 1 in Evocations
  3764 | D:4      | Reached skill level 1 in Shields
  3790 | D:4      | Found a snail-covered altar of Cheibriados.
  3897 | D:4      | Reached XP level 6. HP: 28/34 MP: 7/17
  4056 | D:4      | Found a sparkling altar of Nemelex Xobeh.
  4102 | D:4      | Reached skill level 7 in Spellcasting
  4102 | D:4      | Reached skill level 1 in Air Magic
  4102 | D:4      | Reached skill level 1 in Poison Magic
  4191 | D:4      | Found an ancient bone altar of Kikubaaqudgha.
  4626 | D:5      | Entered Level 5 of the Dungeon
  4647 | D:5      | Reached XP level 7. HP: 5/38 MP: 3/20
  4810 | D:5      | Found a stormy altar of Qazlal.
  4839 | D:5      | Found Zuselok's Weapon Emporium.
  5204 | D:5      | Reached skill level 8 in Spellcasting
  5382 | D:6      | Found a hide-covered altar of Uskayaw.
  5510 | D:6      | Found a white marble altar of Elyvilon.
  5556 | D:6      | Noticed Blork the orc
  5566 | D:6      | Killed Blork the orc
  6185 | D:7      | Reached XP level 8. HP: 29/44 MP: 14/22
  6204 | D:7      | Noticed Prince Ribbit
  6216 | D:7      | Reached skill level 9 in Spellcasting
  6230 | D:7      | Killed Prince Ribbit
  6244 | D:7      | Reached skill level 5 in Conjurations
  6708 | D:7      | Reached skill level 10 in Spellcasting
  6850 | D:7      | Slain by a yak

Illustrated notes

Levels and vault maps discovered:
D:1:      onia_arrival_mini_spirals, layout_loops_ring, hangedman_decor_push,
          chequers_serial_rivers_small_a
D:2:      layout_loops_ring, minivault_4, uniq_jessica
D:3:      layout_loops_corners, dk_noncrumbling_4, grunt_ministairs_8
D:4:      layout_rooms, nemelex_diamond_rough_becter, kennysheep_little_box,
          cheibriados_altar_1, dreamdust_gnoll_farm
D:5:      layout_cave_pools, grunt_qazlal_clouds, serial_shops,
          nicolae_shop_stone, water_boxes_lemuel
D:6:      layout_loops_ring, overflow_temple_1_default, elyvilon_altar_1,
          uniq_blork_the_orc
D:7:      minmay_flawed_box, layout_loops_cross,
          chequers_temple_overflow_minitemple, minmay_temple_entry_from_below_a,
          serial_shops, shop, kennysheep_diamond, uniq_prince_ribbit1

Skill      XL: |  1  2  3  4  5  6  7  8 |
---------------+-------------------------+-----
Spellcasting   | 5 6 7 8 10 | 10.5
Armour         | 1 2 |  2.1
Fighting       | 1 2 |  2.0
Conjurations   | 2 3 4 5 |  5.7
Dodging        | 3 |  3.0
Stealth        | 3 |  3.0
Evocations     | 1 |  1.0
Shields        | 1 2 |  2.1
Air Magic      | 1 |  1.0
Poison Magic   | 1 |  1.1
Summonings     | 2 3 4 |  4.6
Translocations | |  1.1

Action                     |  1- 3 |  4- 6 |  7- 9 || total
---------------------------+-------+-------+-------++-------
  Melee: Dagger            |    22 |       |       ||    22
         Short sword       |       |    79 |    37 ||   116
         Punch             |       |       |     1 ||     1
         Whip              |       |       |    55 ||    55
   Cast: Magic Dart        |    81 |   122 |    68 ||   271
         Mephitic Cloud    |       |    14 |    17 ||    31
         Call Imp          |       |     1 |       ||     1
         Blink             |       |       |     2 ||     2
   Stab: Confused          |       |     9 |    10 ||    19
 Armour: Robe              |    10 |       |       ||    10
         Leather armour    |       |    29 |    35 ||    64
  Dodge: Dodged            |    42 |    71 |    78 ||   191

Table legend: (Time is in decaauts)
 A = Elapsed time spent in this place.
 B = Non-inter-level travel time spent in this place.
 C = Inter-level travel time spent in this place.
 D = Time resting spent in this place.
 E = Time spent auto-exploring this place.
 F = Levels seen in this place.
 G = Mean time per level.
                   A        B        C        D        E       F      G
               +--------+--------+--------+--------+--------+-----+--------+
         Total |   6858 |   6706 |    152 |    254 |   5545 |   7 |  979.7 |
       Dungeon |   6858 |   6706 |    152 |    254 |   5545 |   7 |  979.7 |
               +--------+--------+--------+--------+--------+-----+--------+

Top non-repeatable levels by time:
     D:3: 1361 daAuts
     D:2: 1184 daAuts
     D:1: 1148 daAuts
     D:4: 930 daAuts
     D:6: 824 daAuts
     D:5: 712 daAuts
     D:7: 695 daAuts
